 Dungeon Crawl Stone Soup version 0.31-a0-844-gdc52ec4e09 (webtiles) character file.

Game seed: 11760325118487841078

28 lonewolfV2 the Shield-Bearer (level 3, 0/30 HPs)
             Began as a Formicid Fighter on Sept 29, 2023.
             Engulfed by a cloud of flame (21 damage)
             ... on level 1 of the Dungeon.
             The game lasted 00:01:27 (1256 turns).

lonewolfV2 the Shield-Bearer (Formicid Fighter)     Turns: 1256, Time: 00:01:27

Health: 0/30       AC:  7    Str: 22    XL:     3   Next: 30%
Magic:  3/3        EV:  9    Int:  7    God:
Gold:   35         SH:  5    Dex: 13    Spells: 2/2 levels left

rFire   . . .        a - +0 war axe
rCold   . . .        c - +0 buckler
rNeg    . . .        b - +0 scale mail
rPois   .            (helmet unavailable)
rElec   .            (no cloak)
rCorr   .            (no gloves)
SInv    +            (no boots)
Will    .....        (no amulet) Stlth
                     (no ring)
HPRegen 0.25/turn    (no ring)
MPRegen 0.08/turn

%: no passive effects
@: no status effects
A: permanent stasis, dig shafts and tunnels, antennae 3, four strong arms
a: Dig, Shaft Self


You were on level 1 of the Dungeon.
You visited 1 branch of the dungeon, and saw 1 of its levels.

You collected 35 gold pieces.

Inventory:

Hand Weapons
 a - a +0 war axe (weapon)
Armour
 b - a +0 scale mail (worn)
 c - a +0 buckler (worn)
Scrolls
 e - a scroll of blinking {unknown}
Potions
 d - 2 potions of might
 f - 2 potions of curing {unknown}


   Skills:
 + Level 3.6 Fighting
 + Level 2.1 Axes
 + Level 3.8 Armour
 + Level 0.1 Dodging
 + Level 4.4 Shields


You had 2 spell levels left.
You didn't know any spells.
Your spell library was empty.

Dungeon Overview and Level Annotations

Branches:
Dungeon (1/15)

Altars:


Innate Abilities, Weirdness & Mutations

You cannot be hasted, slowed, berserked, paralysed or teleported.
You can dig through walls and to a lower floor.
You have a pair of large antennae on your head. (SInv)
Your four strong arms can wield two-handed weapons with a shield.


Message History

You open the door. You open the door.
There is an open door here.
There is an open door here.
You see here a staff of poison.
Key pressed, stopping explore.
There is a staircase leading out of the dungeon here.
There is an open door here.
There is an open door here.
There is an open door here.
Found a chain mail.
Found a leather armour.
You see here a +0 chain mail.
You see here a +0 leather armour.
You see here a +0 club.
There is a stone staircase leading down here.
You see here a +0 club.
You see here a +0 dagger of venom.
You see here a +0 club.
You see here a +0 dagger.
Key pressed, stopping explore.
You see here a +0 dagger.
You see here a +0 club.
You see here a +0 dagger of venom.
You see here a +0 club.
Found a sling.
Partly explored, can't reach some items and places.
Partly explored, can't reach some items and places.
You are engulfed in blazing flames.
Ouch! That really hurt!
You start resting.
HP restored.
You start waiting.
Done waiting.
You start waiting.
Done waiting.
You are engulfed in blazing flames.
You are engulfed in blazing flames.
Ouch! That really hurt!
You die...

########## #........##
#.#####...# ####### #.# #§○@#
#...... #.# #☼☼°# #.#####
####.# #○☼§# #####.###..
#....#####...######....#.....
#.##..○☼§.[?..☼°..#.#.###.#.#
#.##..§°§..%..☼§§....## ##..#
#.##..§§§..[).§§§..>..###.###
#.##.#####...#####.....#.##
#.##.# #.§§# #....#.##


There were no monsters in sight!

Vanquished Creatures
  A dart slug (D:1)
  2 ball pythons (D:1)
  A bat (D:1)
  2 endoplasms (D:1)
  9 goblins (D:1)
  2 hobgoblins (D:1)
  2 quokkas (D:1)
  A kobold (D:1)
  A rat (D:1)
21 creatures vanquished.

Notes
Turn   | Place    | Note
-------+----------+-------------------------------------------
     0 | D:1      | lonewolfV2 the Formicid Fighter began the quest for the
                  | Orb.
     0 | D:1      | Reached XP level 1. HP: 18/18 MP: 1/1
    63 | D:1      | Reached XP level 2. HP: 14/24 MP: 2/2
   264 | D:1      | Reached XP level 3. HP: 26/30 MP: 3/3
  1256 | D:1      | Engulfed by a cloud of flame

Illustrated notes

Levels and vault maps discovered:
D:1:      dpeg_arrival_radiant, layout_loops_ring, serial_bayou_pond_b,
          lemuel_flame_loot_1

Action                     || total
---------------------------++-------
  Melee: War axe           ||    63
 Armour: Scale mail        ||    56
  Dodge: Dodged            ||    31
  Block: Buckler           ||    12

Table legend: (Time is in decaauts)
 A = Elapsed time spent in this place.
 B = Non-inter-level travel time spent in this place.
 C = Inter-level travel time spent in this place.
 D = Time resting spent in this place.
 E = Time spent auto-exploring this place.
 F = Levels seen in this place.
 G = Mean time per level.
                   A        B        C        D        E       F      G
               +--------+--------+--------+--------+--------+-----+--------+
         Total |   1285 |   1285 |      0 |    267 |    817 |   1 | 1285.0 |
       Dungeon |   1285 |   1285 |      0 |    267 |    817 |   1 | 1285.0 |
               +--------+--------+--------+--------+--------+-----+--------+

Top non-repeatable levels by time:
     D:1: 1285 daAuts
